 Dungeon Crawl Stone Soup version 0.28.0-45-g0d030f2227 (webtiles) character file.

Game seed: 17528666312935094606

3788 Bruhh the Frost Mage (level 10, 0/63 (66) HPs)
             Began as a Gnoll Ice Elementalist on Apr 21, 2022.
             Was a Priest of Hepliaklqana.
             Slain by an orc knight
             ... wielding a +0 halberd
              (27 damage)
             ... in a bailey.
             The game lasted 00:43:21 (13262 turns).

Bruhh the Frost Mage (Gnoll Ice Elementalist)      Turns: 13262, Time: 00:43:22

HP:   0/63 (66)     AC: 14    Str:  8    XL:     10   Next: 16%
MP:   9/20          EV: 14    Int: 18    God:    Hepliaklqana [***...]
Gold: 460           SH:  0    Dex: 13    Spells: 14/23 levels left

rFire   . . .      SeeInvis .   J - +1 halberd (drain)
rCold   . . .      Faith    .   (shield currently unavailable)
rNeg    . . .      Spirit   .   a - +0 robe
rPois   .          Reflect  .   (no helmet)
rElec   .          Harm     .   (no cloak)
rCorr   .          Rampage  .   (no gloves)
Will    .....                   (no boots)
Stlth   +++.......              (no amulet)
HPRegen 0.20/turn               k - ring of wizardry
MPRegen 0.17/turn               C - +4 ring of protection

@: ice-armoured, freezing walls, lightly drained
A: reduced essence, fangs 1, strong nose, distributed training
a: Renounce Religion, Recall Ancestor, Ancestor Identity, Transference


You were in a bailey.
You worshipped Hepliaklqana.
Hepliaklqana was most pleased with you.
You visited 2 branches of the dungeon, and saw 10 of its levels.
You also visited: Sewer and Bailey.

You collected 460 gold pieces.

Inventory:

Hand Weapons
 d - a +0 dagger
 h - a +4 dagger
 l - a +1 halberd of electrocution
 u - a +3 quarterstaff
 z - a +3 falchion of freezing
 J - a +1 halberd of draining (weapon)
Missiles
 y - 3 poisoned darts
Armour
 a - a +0 robe (worn)
 x - a +2 buckler
 F - a scarf of harm
Jewellery
 k - a ring of wizardry (left hand)
 s - a ring of protection from fire
 C - a +4 ring of protection (right hand)
 G - an amulet of the acrobat
Wands
 H - a wand of flame (14)
Scrolls
 b - a scroll of brand weapon {unknown}
 i - 3 scrolls of vulnerability
 j - a scroll of summoning {unknown}
 m - 2 scrolls of fog {unknown}
 q - 2 scrolls of enchant weapon {unknown}
 v - 2 scrolls of immolation {unknown}
 w - 2 scrolls of blinking {unknown}
 A - a scroll of magic mapping {unknown}
 B - a scroll of enchant armour {unknown}
Potions
 c - 4 potions of flight
 e - 2 potions of berserk rage {unknown}
 f - a potion of degeneration {unknown}
 g - 3 potions of attraction
 n - a potion of lignification {unknown}
 o - 3 potions of haste {unknown}
 p - a potion of resistance {unknown}
 r - 2 potions of cancellation
 t - a potion of curing
 D - 3 potions of might
 E - 2 potions of brilliance {unknown}


   Skills:
 + Level 5.0 Fighting
 + Level 5.0 Short Blades
 + Level 5.0 Long Blades
 + Level 5.0 Axes
 + Level 5.0 Maces & Flails
 + Level 5.0 Polearms
 + Level 5.0 Staves
 + Level 5.0 Slings
 + Level 5.0 Bows
 + Level 5.0 Crossbows
 + Level 5.0 Throwing
 + Level 5.0 Armour
 + Level 6.8 Dodging
 + Level 6.6 Stealth
 + Level 5.0 Shields
 + Level 5.0 Unarmed Combat
 + Level 7.1 Spellcasting
 + Level 4.1 Conjurations
 + Level 4.1 Hexes
 + Level 4.1 Summonings
 + Level 4.1 Necromancy
 + Level 4.1 Translocations
 + Level 4.1 Transmutations
 + Level 4.1 Fire Magic
 + Level 8.3 Ice Magic
 + Level 4.1 Air Magic
 + Level 4.1 Earth Magic
 + Level 4.1 Poison Magic
 + Level 5.5 Invocations
 + Level 5.0 Evocations


You had 14 spell levels left.
You knew the following spells:

 Your Spells              Type           Power      Damage    Failure   Level
a - Freeze                Ice            100%       1d11      1%          1
b - Frozen Ramparts       Ice            72%        1d9       1%          3
c - Ozocubu's Armour      Ice            36%        N/A       1%          3
d - Poisonous Vapours     Pois/Air       42%        N/A       1%          2

Your spell library contained the following spells:

 Spells                   Type           Power      Damage    Failure   Level
 Animate Skeleton         Necr           42%        N/A       1%          1
 Apportation              Tloc           42%        N/A       1%          1
 Summon Small Mammal      Summ           84%        N/A       1%          1
 Corpse Rot               Necr/Air       42%        N/A       1%          2
 Scorch                   Fire           42%        2d7       1%          2
 Dazzling Flash           Conj/Hex       42%        N/A       2%          3
 Summon Guardian Golem    Hex/Summ       21%        N/A       2%          3
 Hailstorm                Conj/Ice       28%        3d8       3%          4
 Flame Wave               Conj/Fire      21%        2d7       8%          4
 Iskenderun's Mystic Bla  Conj/Tloc      21%        2d6       8%          4
 Starburst                Conj/Fire      10%        6d5       71%         6
 Summon Cactus Giant      Summ           10%        N/A       71%         6
 Ozocubu's Refrigeration  Ice            18%        4d8       71%         7
 Orb of Destruction       Conj           10%        9d6       99%         7
 Spellforged Servitor     Conj/Summ      10%        N/A       99%         7


Dungeon Overview and Level Annotations

Branches:
Dungeon (9/15)             Temple (1/1) D:4           Sewer (visited)
 Bailey (1/1)
   Lair: D:8-11         Orc: D:9-12

Altars:
Dithmenos
Elyvilon
Fedhas
Gozag
Hepliaklqana
Kikubaaqudgha
Nemelex Xobeh
Okawaru
Qazlal
Ru
Sif Muna
Trog
Uskayaw
Vehumet
Xom
Yredelemnul
Zin


Innate Abilities, Weirdness & Mutations

Your life essence is reduced to manifest your ancestor. (-10% HP)
You have very sharp teeth.
Your uncanny sense of smell can sniff out nearby items.
Your experience applies equally to all skills.


Message History

Press: ? - help, v - describe, . - travel An open door.
Cast which spell? (? or * to list)
Casting: Frozen Ramparts (safe; 1% risk of failure)
Press: ? - help, Dir - look around, f - activate An open door.
The walls around you are covered in ice.
Casting: Frozen Ramparts (safe; 1% risk of failure)
Confirm with . or Enter, or press ? or * to list all spells.
Aiming: Poisonous Vapours (safe; 1% risk of failure)
Press: ? - help, Dir - move target, f - orc knight
Aim: an orc knight, wielding a +0 halberd Poisonous vapours surround the orc knight!
The orc knight is poisoned.
The wall freezes the orc knight.
The orc knight hits you from afar with a +0 halberd!
Appia hits the orc knight with a +0 flail.
Casting: Poisonous Vapours (safe; 1% risk of failure)
Confirm with . or Enter, or press ? or * to list all spells.
A film of ice covers your body!
The wall freezes the orc knight!
The orc knight hits you from afar with a +0 halberd!
Appia hits the orc knight with a +0 flail.
Casting: Ozocubu's Armour (safe; 1% risk of failure)
Confirm with . or Enter, or press ? or * to list all spells.
Aiming: Poisonous Vapours (safe; 1% risk of failure)
Press: ? - help, Dir - move target, f/p - orc knight
Aim: an orc knight, wielding a +0 halberd (moderately wounded, very poisoned, ally target) Poisonous vapours surround the orc knight!
The orc knight looks even sicker.
The wall freezes the orc knight.
The orc knight hits you from afar with a +0 halberd!
Appia completely misses the orc knight.
Casting: Poisonous Vapours (safe; 1% risk of failure)
Confirm with . or Enter, or press ? or * to list all spells.
Aiming: Poisonous Vapours (safe; 1% risk of failure)
Press: ? - help, Dir - move target, f/p - orc knight
Aim: an orc knight, wielding a +0 halberd (moderately wounded, very poisoned, ally target) Poisonous vapours surround the orc knight!
The orc knight looks as sick as possible!
The wall freezes the orc knight.
The orc knight hits you from afar with a +0 halberd!!
You die...

##### #R@.##
#o###'##+##+
∆ ∆gg#
##.....#
!.!.
###.....#
+!.⌠.∆
#['..⌠..+
#.!.!
###.....#
#!.! ∆
##.....##
+##+
##'##+##'##
#.## ##)#


You could see the friendly Appia the knight, an orc knight (extremely poisoned,
ally target) and 2 gnolls.

Vanquished Creatures
  Prince Ribbit (D:5)
  6 yaks (D:9)
  A steam dragon (D:9)
  An ice beast (D:5)
  A sky beast (D:7)
  2 ogres (D:5)
  7 bullfrogs
  A scorpion (D:4)
  A crimson imp (D:5)
  3 howler monkeys
  A bullfrog zombie (D:6)
  4 jellies
  A centaur zombie (D:7)
  A hound (D:7)
  5 orc priests
  2 centaur skeletons (D:7)
  4 iguanas
  2 orc wizards (D:4)
  A hound zombie (D:5)
  4 gnolls (Bailey)
  A howler monkey skeleton (D:7)
  11 adders
  A river rat (Sewer)
  2 white imps
  An ufetubus (D:4)
  An adder skeleton (D:4)
  An adder zombie (D:5)
  3 worms
  6 dart slugs
  19 orcs
  12 endoplasms
  9 giant cockroaches
  9 goblins
  4 hobgoblins
  A jackal (D:5)
  7 quokkas
  14 ball pythons
  5 bats
  5 frilled lizards
  8 kobolds
  35 rats
204 creatures vanquished.

Vanquished Creatures (collateral kills)
  2 water moccasins
  A phantom (D:7)
  A centaur (D:8)
  A kobold brigand (D:9)
  A bullfrog (D:8)
  A wyvern zombie (D:8)
  A bullfrog zombie (D:7)
  A bullfrog skeleton (D:5)
  A killer bee zombie (D:7)
  A howler monkey skeleton (D:7)
  2 shadow imps (D:7)
  2 orcs
  A jackal (D:5)
  3 kobolds (D:9)
  A goblin (D:9)
20 creatures vanquished.

Vanquished Creatures (others)
  A knight (D:9)
1 creature vanquished.

Grand Total: 225 creatures vanquished

Notes
Turn   | Place    | Note
-------+----------+-------------------------------------------
     0 | D:1      | Bruhh the Gnoll Ice Elementalist began the quest for the
                  | Orb.
     0 | D:1      | Reached XP level 1. HP: 13/13 MP: 6/6
   532 | D:1      | Reached XP level 2. HP: 7/19 MP: 5/7
   756 | D:1      | Got Lyteot's Disquisition on the Cankerous Frostbite
   850 | D:1      | Found a faded altar of an unknown god.
  1396 | D:1      | Reached XP level 3. HP: 19/25 MP: 7/9
  1715 | D:2      | Found a shimmering blue altar of Sif Muna.
  1720 | D:2      | Reached skill level 5 in Spellcasting
  1869 | D:2      | Learned a level 3 spell: Frozen Ramparts
  1873 | D:2      | Learned a level 3 spell: Ozocubu's Armour
  2084 | D:2      | Reached skill level 1 in Invocations
  2305 | D:2      | Reached skill level 1 in Fighting
  2305 | D:2      | Reached skill level 1 in Short Blades
  2305 | D:2      | Reached skill level 1 in Long Blades
  2305 | D:2      | Reached skill level 1 in Axes
  2305 | D:2      | Reached skill level 1 in Maces & Flails
  2305 | D:2      | Reached skill level 1 in Polearms
  2305 | D:2      | Reached skill level 1 in Staves
  2305 | D:2      | Reached skill level 1 in Slings
  2305 | D:2      | Reached skill level 1 in Bows
  2305 | D:2      | Reached skill level 1 in Crossbows
  2305 | D:2      | Reached skill level 1 in Throwing
  2305 | D:2      | Reached skill level 1 in Armour
  2305 | D:2      | Reached skill level 1 in Shields
  2305 | D:2      | Reached skill level 1 in Unarmed Combat
  2305 | D:2      | Reached skill level 1 in Evocations
  2400 | D:2      | Reached XP level 4. HP: 32/32 MP: 11/11
  3171 | D:2      | Reached skill level 1 in Conjurations
  3171 | D:2      | Reached skill level 1 in Hexes
  3171 | D:2      | Reached skill level 1 in Summonings
  3171 | D:2      | Reached skill level 1 in Necromancy
  3171 | D:2      | Reached skill level 1 in Translocations
  3171 | D:2      | Reached skill level 1 in Transmutations
  3171 | D:2      | Reached skill level 1 in Fire Magic
  3171 | D:2      | Reached skill level 1 in Air Magic
  3171 | D:2      | Reached skill level 1 in Earth Magic
  3171 | D:2      | Reached skill level 1 in Poison Magic
  3728 | D:3      | Found a glowing drain.
  3770 | Sewer    | Entered a sewer
  3844 | Sewer    | Reached XP level 5. HP: 36/37 MP: 9/12
  4546 | Sewer    | Reached XP level 6. HP: 35/44 MP: 3/13
  4548 | Sewer    | Reached skill level 5 in Dodging
  5769 | D:4      | Reached XP level 7. HP: 20/50 MP: 12/15
  6330 | D:4      | Found a staircase to the Ecumenical Temple.
  6373 | Temple   | Entered the Ecumenical Temple
  6421 | Temple   | Became a worshipper of Hepliaklqana the Forgotten
  6636 | D:4      | Reached skill level 5 in Stealth
  7165 | D:5      | Entered Level 5 of the Dungeon
  7273 | D:5      | Reached XP level 8. HP: 49/57 MP: 9/16
  7859 | D:5      | Reached * piety under Hepliaklqana
  8383 | D:5      | Noticed Prince Ribbit
  8397 | D:5      | Killed Prince Ribbit
  8574 | D:5      | Learned a level 2 spell: Poisonous Vapours
  9600 | D:7      | Reached XP level 9. HP: 55/58 MP: 18/18
 10929 | D:7      | Reached skill level 8 in Ice Magic
 11096 | D:8      | Reached ** piety under Hepliaklqana
 11097 | D:8      | Remembered your ancestor Appia as a knight
 12406 | D:9      | Found a sparkling altar of Nemelex Xobeh.
 12462 | D:9      | Reached skill level 5 in Invocations
 12479 | D:9      | Reached XP level 10. HP: 27/65 MP: 2/20
 12499 | D:9      | Reached skill level 5 in Fighting
 12499 | D:9      | Reached skill level 5 in Short Blades
 12499 | D:9      | Reached skill level 5 in Long Blades
 12499 | D:9      | Reached skill level 5 in Axes
 12499 | D:9      | Reached skill level 5 in Maces & Flails
 12499 | D:9      | Reached skill level 5 in Polearms
 12499 | D:9      | Reached skill level 5 in Staves
 12499 | D:9      | Reached skill level 5 in Slings
 12499 | D:9      | Reached skill level 5 in Bows
 12499 | D:9      | Reached skill level 5 in Crossbows
 12499 | D:9      | Reached skill level 5 in Throwing
 12499 | D:9      | Reached skill level 5 in Armour
 12499 | D:9      | Reached skill level 5 in Shields
 12499 | D:9      | Reached skill level 5 in Unarmed Combat
 12499 | D:9      | Reached skill level 5 in Evocations
 12981 | D:9      | Reached *** piety under Hepliaklqana
 13033 | D:9      | Found a flagged portal.
 13043 | Bailey   | Entered a bailey
 13256 | Bailey   | Noticed an orc knight
 13262 | Bailey   | Slain by an orc knight

Illustrated notes

Levels and vault maps discovered:
D:1:      matt_arrival_grand_opening, layout_basic,
          shapermc_ecumenical_altar_ellora
D:2:      layout_basic, basic_altar, minmay_hedge_maze
D:3:      layout_basic, gup_sewer_entry_pipe
D:4:      layout_cave_pods, minmay_temple_entry_arrows, minmay_door_square,
          minmay_pentangle
D:5:      nicolae_cairo_tiling_very_big, layout_rooms, minmay_fire_ice_demons,
          uniq_prince_ribbit1
D:6:      layout_basic
D:7:      layout_loops_corners
D:8:      layout_loops_corners
D:9:      layout_cave_pools, mainiacjoe_overflow_concentric_impassable,
          lair_entry_dummy, enter_bailey_4, serial_shops,
          nicolae_shop_hallway_plus
Temple:   nicolae_temple_the_god_donut
Bailey:   bailey_polearm_nasty_gnolls, bailey

Skill      XL: |  1  2  3  4  5  6  7  8  9 10 |
---------------+-------------------------------+-----
Spellcasting   | 5 6 7 |  7.1
Invocations    | 1 2 3 4 5 |  5.5
Fighting       | 1 2 3 4 5 |  5.0
Short Blades   | 1 2 3 4 5 |  5.0
Long Blades    | 1 2 3 4 5 |  5.0
Axes           | 1 2 3 4 5 |  5.0
Maces & Flails | 1 2 3 4 5 |  5.0
Polearms       | 1 2 3 4 5 |  5.0
Staves         | 1 2 3 4 5 |  5.0
Slings         | 1 2 3 4 5 |  5.0
Bows           | 1 2 3 4 5 |  5.0
Crossbows      | 1 2 3 4 5 |  5.0
Throwing       | 1 2 3 4 5 |  5.0
Armour         | 1 2 3 4 5 |  5.0
Shields        | 1 2 3 4 5 |  5.0
Unarmed Combat | 1 2 3 4 5 |  5.0
Evocations     | 1 2 3 4 5 |  5.0
Conjurations   | 1 2 3 4 |  4.1
Hexes          | 1 2 3 4 |  4.1
Summonings     | 1 2 3 4 |  4.1
Necromancy     | 1 2 3 4 |  4.1
Translocations | 1 2 3 4 |  4.1
Transmutations | 1 2 3 4 |  4.1
Fire Magic     | 1 2 3 4 |  4.1
Air Magic      | 1 2 3 4 |  4.1
Earth Magic    | 1 2 3 4 |  4.1
Poison Magic   | 1 2 3 4 |  4.1
Dodging        | 5 6 |  6.8
Stealth        | 5 6 |  6.6
Ice Magic      | 8 |  8.3

Action                   |  1- 3 |  4- 6 |  7- 9 | 10-12 || total
-------------------------+-------+-------+-------+-------++-------
Melee: Dagger            |    56 |    77 |       |       ||   133
       Unarmed           |    12 |       |       |       ||    12
       Bite              |    10 |     8 |    14 |     1 ||    33
       Punch             |       |     2 |     2 |     1 ||     5
       Quarterstaff      |       |     6 |    46 |       ||    52
       Falchion          |       |       |    78 |    19 ||    97
       Halberd           |       |       |       |    12 ||    12
Throw: Dart              |       |       |     9 |       ||     9
 Cast: Freeze            |    36 |    60 |   116 |     7 ||   219
       Frozen Ramparts   |     1 |    11 |    12 |     2 ||    26
       Ozocubu's Armour  |       |     4 |     8 |     2 ||    14
       Poisonous Vapours |       |       |     1 |     3 ||     4
Invok: Ancestor Life: Kn |       |       |     1 |       ||     1
       Ancestor Identity |       |       |     1 |       ||     1
       Recall Ancestor   |       |       |       |     1 ||     1
  Use: Potion            |       |     1 |     1 |     1 ||     3
       Scroll            |       |     2 |     2 |     5 ||     9
 Stab: Sleeping          |     3 |     2 |     6 |     6 ||    17
Armor: Robe              |    19 |    21 |    39 |     6 ||    85
Dodge: Dodged            |    70 |   126 |   164 |    39 ||   399
